 Dungeon Crawl Stone Soup version 0.21.0-24-g2553a33 (webtiles) character file.

9428 Gorglomux the Fighter (level 11, -13/108 HPs)
             Began as a Red Draconian Wanderer on Jan 19, 2018.
             Was an Elder of Okawaru.
             Mangled by a shadow (32 damage)
             ... on level 10 of the Dungeon.
             The game lasted 00:19:49 (11420 turns).

Gorglomux the Fighter (Red Draconian Wanderer)     Turns: 11420, Time: 00:19:50

Health: -13/108    AC:  9    Str: 12    XL:     11   Next: 22%
Magic:  11/11      EV: 19    Int: 15    God:    Okawaru [****..]
Gold:   543        SH:  6    Dex: 14    Spells: 10/10 levels left

rFire    + . .     SeeInvis .   a - +2 shortbow
rCold    . . .     Gourm    .   (shield currently unavailable)
rNeg     . . .     Faith    .   (armour unavailable)
rPois    .         Spirit   .   (helmet restricted)
rElec    .         Reflect  +   (no cloak)
rCorr    .         Harm     .   G - +0 pair of gloves
MR       .....                  W - +0 pair of boots
Stlth    +.........             P - +6 amulet of reflection
HPRegen  0.28/turn              (no ring)
MPRegen  0.12/turn              (no ring)

@: short of breath
A: breathe fire, unfitting armour, fire resistance 1, cold-blooded, AC +7
a: Breathe Fire, Heroism, Renounce Religion


You were on level 10 of the Dungeon.
You worshipped Okawaru.
Okawaru was greatly pleased with you.
You were hungry.

You visited 2 branches of the dungeon, and saw 11 of its levels.

You collected 543 gold pieces.

Inventory:

Hand Weapons
 a - a +2 shortbow (weapon)
 F - a +1 dagger of venom
 J - a +0 hand axe
Missiles
 c - 115 arrows (quivered)
 d - 7 bolts
Armour
 v - a +1 pair of gloves of archery
 G - a +0 pair of gloves (worn)
 W - a +0 pair of boots (worn)
Jewellery
 P - a +6 amulet of reflection (around neck)
Wands
 E - a wand of enslavement (9)
 I - a wand of iceblast (5)
 S - a wand of scattershot (9)
Scrolls
 y - 3 scrolls of blinking {unknown}
 C - 2 scrolls of amnesia {unknown}
 D - 2 scrolls of magic mapping {unknown}
 H - 3 scrolls of remove curse {unknown}
 L - 4 scrolls of immolation {unknown}
 N - 2 scrolls of enchant armour {unknown}
 O - 2 scrolls of fear {unknown}
 R - 4 scrolls of identify
 T - 6 scrolls of teleportation
 X - a scroll of random uselessness {unknown}
Potions
 w - a potion of resistance {unknown}
 x - 4 potions of might
 z - 2 potions of berserk rage
 A - a potion of agility
 B - a potion of magic
 K - a potion of ambrosia
 M - 2 potions of lignification
 Q - 4 potions of curing
 U - a potion of brilliance
 V - 3 potions of heal wounds
 Y - 3 potions of flight
Comestibles
 f - 29 rations
 Z - a chunk of flesh


   Skills:
 + Level 13.8 Fighting
   Level 1.0 Polearms
 - Level 1.7 Bows
 - Level 1.0 Throwing
 + Level 11.3 Dodging
   Level 1.0 Shields


You had 10 spell levels left.
You didn't know any spells.

Dungeon Overview and Level Annotations

Branches:
Dungeon (10/15)            Temple (1/1) D:7
   Lair: D:8-11         Orc: D:9-12

Altars:
Cheibriados
Dithmenos
Fedhas
Gozag
Okawaru
Sif Muna
Trog
Wu Jian
Xom
Yredelemnul
The Shining One

Shops:
D:6 =   D:7 :   D:8 %

Annotations:
D:2 1 runed door


Innate Abilities, Weirdness & Mutations

You can breathe blasts of fire.
Your fiery red scales are hard. (AC +7)
You cannot fit into any form of body armour.
Your flesh is heat resistant. (rF+)
You are cold-blooded and may be slowed by cold attacks.


Message History

Okay, then!
Firing (i - inventory):
c - 118 arrows (quivered)
Press: ? - help, Shift-Butt - straight line, f - shadow
Aim: a shadow You shoot an arrow!
The arrow hits the shadow!
The shadow is lightly damaged!
Firing (i - inventory):
c - 117 arrows (quivered)
Press: ? - butt, Shift-Dir - straight line, f/p - shadow
Aim: a shadow (lightly damaged)
You butt an butt!
The arrow hits the shadow!
The shadow is lightly damaged!
Butt (i - inventory):
c - 116 arrows (quivered)
Press: ? - help, Shift-Dir - straight line, butt/p - shadow
Aim: a shadow (butt-ly damaged)
You shoot an arrow! The arrow barely misses the shadow!
The shadow slips into darkness!
The shadow flickers and vanishes!!!
Deactivating autopickup; reactivate with Ctrl-A!
The shadow strikes at you from the darkness!!! rip

≈≈≈≈≈...≈≈≈≈≈≈
##≈≈≈≈≈≈≈≈≈≈≈≈≈≈≈≈≈≈
###≈≈>≈≈≈≈≈≈≈≈≈≈≈≈.≈≈≈
≈≈≈≈≈≈≈≈≈≈≈≈≈≈≈≈≈≈#..
≈≈≈≈≈≈≈≈≈.≈≈≈≈≈≈≈#..
≈≈≈≈≈#≈##≈≈≈≈≈#####
≈≈≈≈.......≈≈..#
#.#........†..#
#@#......†.(.(#
#.#........(.(#
#.#.........†(#
#...........%('...
###.......(...#...
#...[.....((#...
#..####.....# ## #..#
....... ...# .......P


There were no monsters in sight!

Vanquished Creatures
  5 two-headed ogres
  An elephant (D:10)
  A hippogriff (D:10)
  Sigmund (D:6)
  Eustachio (D:6)
  2 hungry ghosts
  The ghost of RollingDesktops the Slasher, an amateur GnCK of Xom (D:3)
  A yak (D:10)
  A basilisk (D:10)
  Menkaure (D:6)
  4 orc warriors
  Duvessa (D:4)
  An ice beast (D:9)
  4 sky beasts
  An eye of draining (D:9)
  2 phantoms
  4 ogres
  A necrophage (D:5)
  4 centaurs
  A crocodile (D:10)
  A big kobold (D:7)
  Blork the orc (D:4)
  3 bullfrogs
  A wyvern zombie (D:8)
  A scorpion (D:6)
  Dowan (D:4)
  6 killer bees (D:9)
  5 wights (D:8)
  6 electric eels (D:10)
  5 crimson imps
  3 centaur zombies
  4 orc priests
  2 bullfrog skeletons
  6 hounds
  5 jellies
  Ijyb (D:5)
  An iguana (D:8)
  7 orc wizards
  4 worker ants
  2 hound skeletons
  A hound zombie (D:5)
  2 worker ant zombies (D:6)
  Robin (D:2)
  5 gnolls
  13 adders
  A shadow imp (D:10)
  An ooze (D:3)
  An adder zombie (D:8)
  An adder skeleton (D:8)
  3 worms (D:2)
  3 dart slugs
  4 leopard geckos
  30 orcs
  4 ball pythons
  3 giant cockroaches
  19 goblins
  4 hobgoblins
  9 jackals
  15 kobolds
  2 quokkas
  11 bats
  5 frilled lizards
  A leopard gecko zombie (D:6)
  2 quokka skeletons
  A quokka zombie (D:8)
  3 rats
248 creatures vanquished.

Notes
Turn   | Place    | Note
-------+----------+-------------------------------------------
     0 | D:1      | Gorglomux the Draconian Wanderer began the quest for the Orb.
     0 | D:1      | Gorglomux set off with: a +2 shortbow, 29 arrows, a +0 hand crossbow, 24 bolts, a ration, a potion of curing
     0 | D:1      | Reached XP level 1. HP: 22/22 MP: 1/1
   112 | D:1      | Reached XP level 2. HP: 28/28 MP: 2/2
   616 | D:1      | Reached skill level 5 in Fighting
   616 | D:1      | Reached XP level 3. HP: 36/36 MP: 3/3
   946 | D:2      | Reached XP level 4. HP: 17/42 MP: 4/4
  1146 | D:2      | Noticed Robin
  1176 | D:2      | Killed Robin
  1485 | D:2      | Found a runed door.
  1592 | D:2      | Reached skill level 3 in Dodging
  2020 | D:3      | Noticed a sky beast
  2238 | D:2      | Reached XP level 5. HP: 49/50 MP: 5/5
  2376 | D:3      | Noticed RollingDesktops's ghost (amateur GnCK)
  2400 | D:3      | Killed RollingDesktops's ghost
  2400 | D:3      | Reached skill level 6 in Fighting
  2400 | D:3      | Reached XP level 6. HP: 29/58 MP: 6/6
  2992 | D:3      | Killed a sky beast
  3480 | D:4      | Reached skill level 7 in Fighting
  3702 | D:4      | Noticed Blork the orc
  3709 | D:4      | Killed Blork the orc
  3709 | D:4      | Your scales start taking on a fiery red colour.
  3709 | D:4      | Reached XP level 7. HP: 66/66 MP: 7/7
  3709 | D:4      | Gained mutation: Your flesh is heat resistant. (rF+) [Red Draconian growth]
  3721 | D:4      | Found a basalt altar of Yredelemnul.
  4053 | D:4      | Noticed Dowan
  4061 | D:4      | Killed Dowan
  4392 | D:4      | Noticed Duvessa
  4396 | D:4      | Killed Duvessa
  4396 | D:4      | Reached skill level 8 in Fighting
  4825 | D:5      | Entered Level 5 of the Dungeon
  5033 | D:5      | Reached skill level 6 in Dodging
  5033 | D:5      | Reached XP level 8. HP: 74/75 MP: 8/8
  5038 | D:5      | Found a blossoming altar of Fedhas.
  5163 | D:5      | Found a shimmering altar of Xom.
  5381 | D:5      | Noticed Ijyb
  5388 | D:5      | Killed Ijyb
  5718 | D:6      | Found Tyishoq's Jewellery Shop.
  5726 | D:6      | Reached skill level 9 in Fighting
  5934 | D:6      | Noticed Eustachio
  5956 | D:6      | Killed Eustachio
  5969 | D:6      | Noticed Menkaure
  5978 | D:6      | Killed Menkaure
  6455 | D:6      | Reached skill level 10 in Fighting
  6646 | D:6      | Noticed Sigmund
  6652 | D:6      | Killed Sigmund
  6652 | D:6      | Reached XP level 9. HP: 85/85 MP: 9/9
  6662 | D:6      | Found an opulent altar of Gozag.
  6851 | D:7      | Found Emuges's Book Shoppe.
  7137 | D:7      | Found a glowing golden altar of the Shining One.
  7423 | D:7      | Found a staircase to the Ecumenical Temple.
  7571 | Temple   | Entered the Ecumenical Temple
  7603 | Temple   | Became a worshipper of Warmaster Okawaru
  7945 | D:8      | Reached skill level 11 in Fighting
  8273 | D:8      | Found a basalt altar of Yredelemnul.
  8278 | D:8      | Noticed a two-headed ogre
  8279 | D:8      | Noticed a two-headed ogre
  8324 | D:8      | Killed a two-headed ogre
  8324 | D:8      | Reached * piety under Okawaru
  8324 | D:8      | Reached skill level 9 in Dodging
  8349 | D:8      | Killed a two-headed ogre
  8349 | D:8      | Reached ** piety under Okawaru
  8349 | D:8      | Reached skill level 12 in Fighting
  8349 | D:8      | Reached XP level 10. HP: 66/97 MP: 10/10
  8997 | D:8      | Found Qetutuop's Food Shoppe.
  9108 | D:8      | Found a snail-covered altar of Cheibriados.
  9108 | D:8      | Found a shadowy altar of Dithmenos.
  9575 | D:9      | Reached *** piety under Okawaru
  9763 | D:9      | Noticed a two-headed ogre
  9773 | D:9      | Killed a two-headed ogre
 10078 | D:9      | Noticed a two-headed ogre
 10090 | D:9      | Killed a two-headed ogre
 10090 | D:9      | Reached skill level 13 in Fighting
 10794 | D:10     | Entered Level 10 of the Dungeon
 11024 | D:10     | Reached XP level 11. HP: 50/107 MP: 9/11
 11254 | D:10     | Noticed a two-headed ogre
 11261 | D:10     | Killed a two-headed ogre
 11261 | D:10     | Reached **** piety under Okawaru
 11384 | D:10     | HP: 3/108 [yak (15)]
 11420 | D:10     | Mangled by a shadow

Skill      XL: |  1  2  3  4  5  6  7  8  9 10 11 |
---------------+----------------------------------+-----
Fighting       | 5 6 7 8 10 12 13 | 13.8
Dodging        | 2 3 4 6 7 9 10 11 | 11.3
Polearms       | |  1.0
Bows           | |  1.7
Throwing       | |  1.0
Shields        | |  1.0

Action                   |  1- 3 |  4- 6 |  7- 9 | 10-12 || total
-------------------------+-------+-------+-------+-------++-------
Melee: Hand crossbow     |       |       |     1 |       ||     1
       Shortbow          |       |       |       |     1 ||     1
 Fire: Hand crossbow     |    64 |   155 |   442 |   112 ||   773
       Shortbow          |    37 |    49 |       |   240 ||   326
Throw: Throwing net      |       |       |       |     1 ||     1
Invok: Heroism           |       |       |       |     4 ||     4
 Abil: Breathe Fire      |       |       |    17 |    21 ||    38
  Use: Scroll            |       |       |    12 |       ||    12
       Potion            |       |       |       |     1 ||     1
  Eat: Chunk             |       |     6 |    16 |    17 ||    39
       Ration            |       |     1 |       |       ||     1
Armor: Skin              |    20 |    44 |    69 |    75 ||   208
Dodge: Dodged            |    44 |    94 |   191 |   217 ||   546
Block: Other             |       |    28 |    82 |    76 ||   186
       Reflection        |       |     2 |       |     3 ||     5
